AoeStats
← NuMa | Gacha

Arabia

508775415Analyzed
2v2 RM · 10d ago on Sep 24, 2026· 52m 10s· 4 players
Game mode
Random Map
Map size
Medium (4 player)
Population
200
Speed
Normal
Resources
Standard
Victory
Conquest
Starting age
Dark Age
Ending age
Imperial Age
RankedLock teamsTeams togetherTeam positionsShared explorationLock speedFull tech treeHidden civsTurbo modeCheats
Victory
Defeat
🇨🇴 Persians · Colombia
1068
+14
🇨🇱 Saracens · Chile
1064
+14
🇨🇴 Italians · Colombia
1096
-17
🇨🇴 Lithuanians · Colombia
952
-11
NuMa | Gacha
6:34 Loom
9:53 Feudal Age
10:27 Double-Bit Axe
20:52 Castle Age
19:09 Gold Mining
19:19 Horse Collar
20:15 Fletching
22:08 Crossbowman
23:08 Bow Saw
25:29 Padded Archer Armor
25:56 Bloodlines
32:51 Pikeman
34:21 Bodkin Arrow
37:05 Stone Mining
38:15 Wheelbarrow
winter991
6:10 Loom
10:16 Feudal Age
10:55 Horse Collar
20:28 Castle Age
21:17 Pikeman
26:53 Husbandry
27:04 Bloodlines
30:37 Double-Bit Axe
30:54 Heavy Plow
32:35 Scale Barding Armor
34:35 Wheelbarrow
38:20 Imperial Age
36:07 Hand Cart
36:26 Forging
36:50 Chain Barding Armor
37:42 Bow Saw
37:56 Stone Mining
37:58 Gold Mining
38:46 Iron Casting
38:25 Light Cavalry
40:00 Plate Barding Armor
40:09 Conscription
40:58 Fletching
41:06 Murder Holes
41:43 Bodkin Arrow
43:34 Chemistry
EstebanB
8:52 Loom
11:05 Feudal Age
16:58 Castle Age
15:15 Double-Bit Axe
16:51 Horse Collar
17:34 Forging
23:12 Wheelbarrow
24:21 Bloodlines
24:40 Heavy Plow
24:52 Fletching
25:33 Scale Barding Armor
26:35 Gold Mining
28:41 Hand Cart
29:29 Bow Saw
29:32 Husbandry
29:55 Chain Barding Armor
30:14 Iron Casting
35:46 Imperial Age
34:16 Chain Barding Armor
34:54 Town Watch
37:39 Two-Man Saw
37:42 Blast Furnace
37:10 Conscription
37:38 Stone Mining
38:25 Gold Shaft Mining
40:11 Plate Barding Armor
39:48 Elite Mameluke
40:11 Heavy Camel Rider
46:10 Chemistry
45:19 Siege Engineers
47:50 Town Patrol
48:12 Ballistics
47:48 Murder Holes
48:04 Masonry
jadm9612
4:55 Loom
10:10 Feudal Age
19:56 Town Watch
22:22 Castle Age
20:10 Double-Bit Axe
20:43 Scale Barding Armor
20:29 Horse Collar
22:35 Forging
39:32 Wheelbarrow
41:46 Husbandry
42:21 Elite Skirmisher
43:36 Bow Saw
43:35 Fletching
43:46 Padded Archer Armor
45:15 Leather Archer Armor
44:56 Bodkin Arrow
46:12 Hand Cart
45:58 Town Patrol
47:11 Ballistics
50:17 Imperial Age
51:18 Ring Archer Armor
50:11 Cavalier
51:48 Capped Ram
Connection lost

Rejoining the realm…

Still unreachable

The connection could not be restored.

Session expired

The server has moved on; the page needs a fresh start.